 Dungeon Crawl Stone Soup version 0.28.0-49-g6dfe1f597d (webtiles) character file.

Game seed: 6287253277623910442

1547 issech the Ducker (level 8, -2/71 (79) HPs)
             Began as a Troll Monk on May 16, 2022.
             Killed from afar by a white imp (7 damage)
             ... with a puff of frost
             ... on level 7 of the Dungeon.
             The game lasted 00:18:01 (5241 turns).

issech the Ducker (Troll Monk)                      Turns: 5241, Time: 00:18:01

HP:   -2/71 (79)    AC:  4    Str: 23    XL:     8   Next: 57%
MP:   0/7           EV: 15    Int:  6    God:
Gold: 298           SH:  0    Dex: 14    Spells: 7/7 levels left

rFire   . . .      SeeInvis .   O - +3 mace
rCold   . . .      Faith    .   (no shield)
rNeg    . . .      Spirit   +   j - +0 animal skin
rPois   +          Reflect  .   (helmet restricted)
rElec   .          Harm     .   (no cloak)
rCorr   .          Rampage  .   (gloves unavailable)
Will    .....                   (boots unavailable)
Stlth   ++........              K - amulet of guardian spirit
HPRegen 1.01/turn               H - ring of Horan {EV+4 Str+3}
MPRegen 0.10/turn               E - ring of poison resistance

@: heavily drained
A: large, unfitting armour, claws 3, regeneration 1, shaggy fur 1, tough skin 1
a: no special abilities


You were on level 7 of the Dungeon.
You visited 1 branch of the dungeon, and saw 7 of its levels.

You collected 298 gold pieces.

Inventory:

Hand Weapons
 a - a +0 mace
 f - a +1 dagger of flaming
 k - a +0 dagger of venom
 l - a +0 flail
 u - a +0 dagger of venom
 v - a +2 dagger of flaming
 w - a +1 vampiric dagger
 D - a +0 giant club
 F - a +0 hunting sling of flaming
 O - a +3 mace (weapon)
Missiles
 c - 221 stones (quivered)
 d - 73 bolts
 e - 71 sling bullets
 o - 51 arrows
 p - 6 datura-tipped darts
 q - a boomerang
Armour
 j - a +0 animal skin (worn)
Magical Staves
 y - a staff of fire
Jewellery
 t - a ring of resist corrosion
 E - a ring of poison resistance (right claw)
 H - the ring of Horan (left claw) {EV+4 Str+3}
   (You found it on level 5 of the Dungeon)

   [ring of evasion]

   EV:        It affects your evasion (+4).
   Str:       It affects your strength (+3).
 J - an amulet of faith
 K - an amulet of guardian spirit (around neck)
Wands
 s - a wand of acid (13)
 B - a wand of iceblast (9)
 N - a wand of mindburst (7)
Scrolls
 i - 2 scrolls of blinking
 m - 3 scrolls of vulnerability
 z - a scroll of noise
 A - a scroll of brand weapon
 L - a scroll of fog
 P - a scroll of amnesia
Potions
 g - 2 potions of curing {unknown}
 h - 2 potions of flight {unknown}
 r - a potion of berserk rage {unknown}
 x - 2 potions of brilliance {unknown}
 C - a potion of haste {unknown}
 G - a potion of lignification {unknown}
 M - 2 potions of degeneration {unknown}


   Skills:
 + Level 4.6 Fighting
 + Level 4.5 Short Blades
 + Level 4.3 Maces & Flails
 + Level 2.1 Throwing
 + Level 5.1 Dodging
 + Level 2.2 Stealth


You had 7 spell levels left.
You didn't know any spells.
Your spell library contained the following spells:

 Spells                   Type           Power      Damage    Failure   Level
 Apportation              Tloc           0%         N/A       45%         1
 Ignite Poison            Fire/Tmut/Pois 0%         N/A       83%         3
 Mephitic Cloud           Conj/Pois/Air  0%         N/A       83%         3
 Animate Dead             Necr           0%         N/A       99%         4
 Alistair's Intoxication  Tmut/Pois      0%         N/A       100%        5
 Borgnjor's Vile Clutch   Necr/Erth      0%         N/A       100%        5
 Freezing Cloud           Conj/Ice/Air   0%         6-21      100%        5
 Death Channel            Necr           0%         N/A       100%        6


Dungeon Overview and Level Annotations

Branches:
Dungeon (7/15)             Temple (0/1) D:7

Altars:
Dithmenos
Elyvilon

Annotations:
D:7 Prince Ribbit


Innate Abilities, Weirdness & Mutations

You are too large for most types of armour.
You have claws for hands.
Your natural rate of healing is unusually fast.
You are covered in fur. (AC +1)
You have tough skin. (AC +1)


Message History

Found a stone staircase leading down.
A wyvern comes into view.
The wyvern hisses angrily.
A white imp comes into view.
Prince Ribbit gives a loud, deep croak!
The white imp shouts, "Scamper hence, thou spongy half-faced wormtrail!"
The wight closely misses you. The white imp gestures at you.
The puff of frost hits you! The wyvern closely misses you.
You closely miss the white imp. The wyvern misses you.
The white imp barely misses you. The white imp gestures at you.
The puff of frost hits you. The wyvern barely misses you.
You sock the white imp!
The white imp is severely wounded.
Prince Ribbit blinks!
The wyvern bites you.
Prince Ribbit catches a mouse with his tongue.
The white imp hits you. The white imp freezes you.
The wight hits you from afar with a +0 trident of distortion.
You feel drained.
* * * LOW HITPOINT WARNING * * *
Space warps around you.
* * * LOW HITPOINT WARNING * * *
You closely miss the white imp.
The white imp is severely wounded.
The wyvern bites you.
* * * LOW HITPOINT WARNING * * *
The wyvern bites you.
* * * LOW HITPOINT WARNING * * *
The white imp hits you but does no damage.
The wight closely misses you.
You closely miss the white imp.
The white imp is severely wounded.
The wyvern bites you!
* * * LOW HITPOINT WARNING * * *
Prince Ribbit blinks!
The white imp gestures at you. The puff of frost hits you!
You die...

######.............##**
...#*#.......#......#.#
##..#.#.....##....>...#*
.#...........#........,*
##....................,*
#...........zz##...#,,,#
.............#z.#.#,,..#
......##.....#.l..#..#,**
,...#.,#......#.@..#*,,,**
.,(..,.......ยง...5......,*
##*,,.........##....#...**
,*,,,........#..#....#..*
***,,....##...^.*.#..#,,*
,,,*****,*#..,.#,..##..,*
,,,** *,,,.,,*.,,...,...*
,,,,***,,,,**##**###**##*
,,,,,,,,,,,,*


You could see a wyvern, 3 wights and a white imp.

Vanquished Creatures
  Menkaure (D:6)
  A water moccasin (D:6)
  A sky beast (D:6)
  2 black bears
  2 ogres (D:6)
  A phantom (D:4)
  A bullfrog (D:6)
  A scorpion (D:6)
  2 water moccasin skeletons
  A jelly (D:4)
  An orc priest (D:4)
  3 hounds
  2 bullfrog skeletons
  3 iguanas
  2 orc wizards (D:4)
  A howler monkey zombie (D:5)
  Robin (D:2)
  3 gnolls (D:3)
  5 adders
  A shadow imp (D:4)
  3 white imps
  2 ufetubi
  A worm (D:2)
  5 dart slugs
  9 orcs
  5 ball pythons
  10 bats
  7 endoplasms
  15 giant cockroaches
  13 goblins
  9 hobgoblins
  2 jackals (D:1)
  8 kobolds
  A quokka (D:1)
  A frilled lizard (D:2)
  12 rats
138 creatures vanquished.

Vanquished Creatures (others)
  A quokka (D:5)
1 creature vanquished.

Grand Total: 139 creatures vanquished

Notes
Turn   | Place    | Note
-------+----------+-------------------------------------------
     0 | D:1      | issech the Troll Monk began the quest for the Orb.
     0 | D:1      | Reached XP level 1. HP: 22/22 MP: 0/0
    94 | D:1      | Reached XP level 2. HP: 29/29 MP: 1/1
   585 | D:1      | Reached XP level 3. HP: 36/36 MP: 2/2
   865 | D:2      | Noticed Robin
   875 | D:2      | Killed Robin
   876 | D:2      | Reached skill level 1 in Short Blades
   878 | D:2      | Reached XP level 4. HP: 20/45 MP: 3/3
   988 | D:2      | Found a shadowy altar of Dithmenos.
  1060 | D:2      | Reached skill level 3 in Dodging
  1119 | D:2      | Found a faded altar of an unknown god.
  1691 | D:3      | Reached XP level 5. HP: 53/53 MP: 4/4
  2847 | D:4      | Reached XP level 6. HP: 54/61 MP: 5/5
  3312 | D:4      | Reached skill level 4 in Dodging
  3312 | D:4      | Reached XP level 7. HP: 33/68 MP: 6/6
  3781 | D:5      | Entered Level 5 of the Dungeon
  3923 | D:5      | Found a white marble altar of Elyvilon.
  3941 | D:5      | Reached skill level 1 in Throwing
  4295 | D:5      | Identified the ring of Horan {EV+4 Str+3}
  4478 | D:6      | Reached XP level 8. HP: 73/78 MP: 7/7
  4850 | D:6      | Noticed Menkaure
  4857 | D:6      | Killed Menkaure
  4858 | D:6      | Reached skill level 5 in Dodging
  5223 | D:7      | Noticed Prince Ribbit
  5231 | D:7      | Found a staircase to the Ecumenical Temple.
  5241 | D:7      | Killed from afar by a white imp

Illustrated notes

Levels and vault maps discovered:
D:1:      sevenhm_arrival_forest_fort_small_5, layout_loops_ring
D:2:      layout_basic, shapermc_ecumenical_altar_petra, basic_altar, uniq_robin
D:3:      minmay_roachtagon, layout_basic, grunt_decor_junction
D:4:      layout_basic
D:5:      layout_basic, elyvilon_altar_4
D:6:      layout_basic, uniq_menkaure
D:7:      layout_cave_pools, minmay_temple_entry_mini_moons, enter_bailey_7,
          nicolae_elevator_lobby_plus, uniq_crazy_yiuf_cottage,
          uniq_prince_ribbit1

Skill      XL: |  1  2  3  4  5  6  7  8 |
---------------+-------------------------+-----
Maces & Flails | 3 4 |  4.3
Fighting       | 3 4 |  4.6
Short Blades   | 1 2 3 4 |  4.5
Dodging        | 3 4 5 |  5.1
Stealth        | 2 |  2.2
Throwing       | 1 2 |  2.1

Action                   |  1- 3 |  4- 6 |  7- 9 || total
-------------------------+-------+-------+-------++-------
Melee: Mace              |    29 |       |    21 ||    50
       Dagger            |   103 |   293 |   100 ||   496
       Punch             |     2 |     4 |     1 ||     7
       Giant club        |       |       |    28 ||    28
Throw: Stone             |     1 |    21 |    10 ||    32
       Large rock        |       |       |    13 ||    13
  Use: Scroll            |       |       |     8 ||     8
 Stab: Sleeping          |     2 |     3 |     1 ||     6
Armor: Robe              |    57 |    45 |       ||   102
       Animal skin       |       |    29 |    23 ||    52
Dodge: Dodged            |    71 |   144 |    97 ||   312
